Map: Kairos Junction LE

Players

MaSa

  • Race: Terran Terran
  • League: Master
  • Spawn Location: 11:00

TIME (Oliveira) - Winner!

  • Race: Terran Terran
  • Spawn Location: 5:00

Event: 2019 WCS Winter Americas

VOD

Have the link to the VOD?

Description

Time

  • Played on: March 24, 2019, 11:46 a.m.
  • Length: 14:15

All games in this series

Show
View Real Time Build Order
Export as new Build Order

MaSa Terran 

Build Orders: 1/1/1, Liberator Opening 

Get SALT Encoding   

  12  0:00  SCV  
  13  0:12  SCV  
  14  0:16  Supply Depot  
  14  0:25  SCV  
  15  0:28  Refinery  
  15  0:38  SCV  
  16  0:44  Barracks  
  16  0:50  SCV  
  16  0:54  Refinery  
  17  1:02  SCV  
  18  1:14  SCV  
  19  1:31  Factory  
  19  1:36  Reaper, Orbital Command  
  20  1:44  Supply Depot  
  20  2:01  SCV  
  20  2:08  Reaper  
  22  2:14  Starport, Hellion  
  24  2:15  SCV  
  24  2:22  Supply Depot  
  25  2:28  SCV  
  26  2:36  Hellion  
  28  2:40  SCV, Reaper  
  28  2:42  Liberator  
  30  2:57  SCV  
  30  2:58  Hellion  
  36  3:10  SCV  
  37  3:16  Command Center  
  38  3:33  SCV  
  39  3:38  Factory Tech Lab, Supply Depot  
  39  3:40  Barracks Reactor  
  34  3:50  SCV  
  34  4:02  SCV  
  35  4:03  Command Center  
  35  4:05  Starport Tech Lab  
  35  4:07  Siege Tank  
  38  4:14  SCV  
  38  4:15  Refinery  
  39  4:22  Marine x2  
  38  4:24  Raven  
  38  4:26  SCV  
  41  4:32  Orbital Command  
  41  4:39  SCV  
  41  4:42  Siege Tank  
  45  4:46  Marine  
  45  4:48  Marine  
  45  4:51  SCV  
  48  4:55  Refinery  
  48  5:01  Supply Depot  
  48  5:03  SCV x2  
  50  5:07  Raven  
  50  5:09  Marine  
  50  5:11  Marine  
  54  5:15  SCV x2  
  54  5:19  Orbital Command  
  56  5:23  Siege Tank  
  59  5:28  Marine  
  59  5:29  Marine  
  59  5:30  SCV  
  59  5:31  SCV  
  63  5:38  Supply Depot  
  63  5:42  SCV  
  64  5:43  SCV  
  64  5:47  SCV  
  66  5:55  Siege Tank  
  69  5:57  SCV x2  
  69  6:02  Viking, Barracks  
  69  6:04  Barracks  
  73  6:05  Viking  
  73  6:09  Marine  
  73  6:10  Stimpack  
  76  6:12  SCV  
  76  6:13  SCV  
  76  6:14  SCV  
  79  6:19  Supply Depot  
  79  6:24  SCV, Engineering Bay  
  80  6:28  Engineering Bay  
  80  6:30  SCV  
  80  6:32  Marine  
  81  6:35  Siege Tank  
  81  6:36  SCV  
  81  6:39  SCV  
  87  6:42  Viking  
  88  6:47  Viking  
  88  6:48  SCV  
  88  6:50  SCV, Marine  
  88  6:51  SCV  
  96  6:55  Barracks Reactor x2  
  96  7:00  SCV  
  92  7:11  Marine  
  92  7:12  Viking, Siege Tank  
  92  7:13  Orbital Command  
  92  7:14  SCV  
  93  7:17  Viking  
  93  7:18  Terran Infantry Weapons Level 1, Terran Infantry Armor Level 1  
  93  7:27  SCV  
  93  7:28  SCV  
  93  7:29  Marine  
  86  7:38  Marine x3  
  86  7:39  SCV, Marine  
  86  7:40  SCV  
  86  7:42  Viking  
  86  7:44  SCV  
  95  7:47  Marine  
  95  7:48  Barracks  
  95  7:49  Barracks  
  96  7:51  Viking  
  96  7:53  SCV  
  96  7:54  SCV  
  96  7:56  SCV  
  101  7:59  Supply Depot  
  101  8:10  Combat Shield  
  101  8:15  Supply Depot, Refinery  
  101  8:17  Sensor Tower  
  101  8:21  SCV, Siege Tank, Marine x4  
  109  8:28  Supply Depot  
  109  8:29  Viking x2, SCV, Marine  
  109  8:31  Supply Depot  
  115  8:38  Marine x4  
  117  8:43  Marine x2  
  117  8:47  Marine  
  119  8:51  SCV x2  
  121  8:56  Marine x4  
  121  9:01  SCV  
  123  9:04  Marine  
  123  9:06  SCV  
  123  9:09  Medivac, Barracks Reactor  
  125  9:10  Barracks Reactor  
  125  9:11  Armory  
  125  9:30  Supply Depot  
  125  9:31  Supply Depot  
  125  9:32  Refinery  
  125  9:33  SCV x2, Marine x4  
  125  9:34  Medivac  
  134  9:39  Medivac  
  134  9:45  Command Center  
  135  9:46  Factory  
  135  9:48  Barracks Reactor  
  135  9:50  Marine x4  
  139  9:55  Barracks Reactor, Marine x2  
  141  10:01  Siege Tank  
  141  10:04  Terran Infantry Weapons Level 2  
  141  10:06  SCV x3  
  147  10:08  Marine x4  
  147  10:12  Terran Infantry Armor Level 2  
  147  10:13  Marine x2  
  150  10:22  Terran Vehicle Weapons Level 1  
  150  10:23  SCV, Missile Turret  
  150  10:26  Marine x4  
  150  10:27  SCV, Marine  
  147  10:31  Marine  
  147  10:32  Marine x2  
  147  10:35  SCV  
  151  10:38  SCV  
  151  10:39  SCV  
  154  10:44  Supply Depot  
  154  10:47  Supply Depot  
  154  10:49  Siege Tank, Supply Depot  
  156  10:54  Marine  
  156  10:56  Marine x3  
  159  11:03  Planetary Fortress  
  159  11:08  Marine  
  159  11:09  Marine x5  
  159  11:10  Missile Turret  
  164  11:12  Marine  
  164  11:13  Marine  
  164  11:14  Marine x2  
  165  11:20  Siege Tank  
  165  11:26  Marine  
  165  11:27  Marine x5  
  165  11:30  Marine, Supply Depot  
  165  11:31  Marine  
  165  11:32  Marine x2  
  174  11:34  Siege Tank  
  174  11:37  Medivac  
  179  11:40  Medivac  
  179  11:44  Marine x6  
  186  11:48  Marine  
  186  11:49  Marine  
  186  11:50  Marine x2  
  186  11:53  Siege Tank  
  193  12:02  Marine x6  
  193  12:06  Marine  
  193  12:07  Marine x2  
  200  12:14  Marine  
  164  12:16  Siege Tank  
  164  12:17  Medivac  
  164  12:20  Marine x6  
  135  12:23  Marine  
  135  12:25  Siege Tank, Marine x2  
  140  12:32  Marine  
  132  12:37  Marine  
  132  12:38  Marine x5  
  132  12:40  Medivac  
  132  12:41  Marine  
  132  12:42  Marine  
  132  12:43  Marine  
  143  12:48  Medivac  
  143  12:49  Marine  
  120  12:55  Siege Tank, Marine  
  120  12:56  Marine x5  
  128  12:59  Marine  
  128  13:00  Marine  
  128  13:01  Marine  
  124  13:07  Marine  
  124  13:10  Medivac  
  107  13:13  Siege Tank, Marine x3  
  107  13:14  Marine x3  
  107  13:17  Marine  
  107  13:18  Command Center, Marine  
  107  13:19  Marine  
  118  13:25  Marine  
  109  13:31  Marine x6  
  109  13:33  Viking  
  114  13:35  Marine  
  114  13:36  Marine  
  114  13:37  Marine  
  113  13:43  Marine  
  113  13:49  Marine x6  
  113  13:52  Marine  
  113  13:54  Marine x2  
Show
View Real Time Build Order
Export as new Build Order

TIME Terran - Winner!

Build Orders:  

Get SALT Encoding   

  12  0:00  SCV  
  13  0:13  SCV  
  14  0:18  Supply Depot  
  14  0:25  SCV  
  15  0:29  Refinery  
  15  0:39  SCV  
  16  0:45  Barracks  
  16  0:51  SCV  
  16  0:55  Refinery  
  17  1:03  SCV  
  18  1:16  SCV  
  19  1:32  Reaper  
  19  1:33  Orbital Command  
  19  1:38  Factory  
  20  1:48  Supply Depot  
  20  1:58  SCV  
  21  2:05  Reaper  
  22  2:11  SCV  
  23  2:22  Hellion  
  25  2:37  SCV  
  25  2:39  Reaper, Command Center  
  25  2:43  Hellion  
  29  2:49  SCV  
  30  2:53  Starport  
  30  2:57  Supply Depot  
  30  3:01  SCV  
  31  3:06  Factory Tech Lab  
  31  3:12  Barracks Tech Lab  
  31  3:19  SCV  
  32  3:26  Cyclone  
  35  3:31  SCV  
  36  3:35  Refinery  
  36  3:43  SCV  
  33  3:52  Raven  
  33  3:54  Orbital Command  
  35  3:55  SCV  
  35  3:56  Barracks Reactor  
  33  4:07  SCV  
  34  4:10  Command Center  
  34  4:13  Siege Tank  
  37  4:19  SCV x2  
  39  4:32  SCV x2  
  39  4:33  Marine x2  
  39  4:37  Supply Depot  
  43  4:39  Raven  
  43  4:44  SCV x2  
  47  4:51  Marine x2  
  49  4:54  Siege Tank  
  49  4:56  SCV  
  49  4:57  Supply Depot  
  49  4:59  SCV  
  54  5:08  SCV  
  54  5:09  Marine x2  
  54  5:11  SCV  
  58  5:20  SCV  
  59  5:21  Supply Depot  
  59  5:23  SCV, Orbital Command  
  59  5:27  Siege Tank  
  63  5:33  Viking x2  
  67  5:36  SCV x2  
  67  5:38  Marine  
  67  5:40  Refinery  
  67  5:42  Stimpack  
  70  5:44  Supply Depot  
  70  5:48  SCV  
  71  5:55  SCV x2  
  73  6:00  SCV  
  73  6:03  Viking x2, Marine  
  79  6:07  Supply Depot  
  79  6:11  SCV, Siege Tank  
  80  6:14  Orbital Command  
  83  6:19  SCV  
  83  6:21  Barracks  
  83  6:22  Barracks  
  83  6:23  SCV  
  83  6:25  Marine  
  85  6:29  Supply Depot  
  85  6:31  SCV  
  84  6:35  Viking x2  
  84  6:37  SCV  
  84  6:39  SCV  
  90  6:43  SCV  
  91  6:49  SCV  
  91  6:51  SCV  
  90  6:55  SCV  
  90  6:56  Engineering Bay  
  90  6:57  Engineering Bay, Siege Tank, Liberator  
  93  7:01  SCV  
  88  7:09  Viking  
  93  7:16  Barracks Reactor  
  93  7:17  Barracks Reactor  
  93  7:20  SCV  
  93  7:21  SCV  
  76  7:32  SCV x2  
  76  7:36  Sensor Tower  
  76  7:37  SCV  
  76  7:38  Barracks  
  76  7:39  Viking, Barracks  
  76  7:42  Marine, Refinery x2  
  76  7:43  Siege Tank  
  84  7:44  SCV  
  84  7:51  Terran Infantry Weapons Level 1, SCV  
  84  7:52  SCV  
  84  7:53  Marine x2  
  84  7:54  Marine x2  
  84  7:56  SCV  
  84  7:57  Viking  
  93  8:00  Marine  
  93  8:03  Terran Infantry Armor Level 1  
  93  8:04  SCV x2  
  96  8:06  Supply Depot  
  96  8:08  SCV  
  96  8:11  Combat Shield, Marine x2  
  99  8:15  Marine x2  
  99  8:16  SCV, Viking  
  104  8:21  SCV x2  
  104  8:22  Siege Tank  
  104  8:23  Marine  
  110  8:27  Barracks Reactor x2  
  110  8:32  SCV, Liberator, Marine x2  
  112  8:43  Marine  
  112  8:44  Marine x2  
  108  8:50  Marine  
  108  8:51  Supply Depot  
  108  8:52  SCV, Supply Depot  
  108  8:55  Command Center, Supply Depot x3  
  113  8:56  Supply Depot  
  113  8:58  Supply Depot  
  108  9:12  Armory, Supply Depot  
  108  9:13  SCV x2, Marine  
  108  9:16  Marine  
  108  9:17  SCV, Medivac, Siege Tank, Marine x2  
  109  9:20  Marine x2  
  117  9:25  SCV x2  
  117  9:29  SCV  
  120  9:31  Marine  
  120  9:32  Marine x2  
  120  9:36  Medivac  
  120  9:37  Marine  
  120  9:38  Marine x2  
  128  9:41  Missile Turret  
  128  9:42  Marine  
  129  9:46  Marine x2  
  129  9:47  Viking  
  129  9:51  Siege Tank  
  136  9:57  Supply Depot  
  136  9:58  Terran Infantry Weapons Level 2, Terran Infantry Armor Level 2  
  136  10:02  Marine  
  136  10:03  Factory, Marine  
  136  10:05  Marine x2  
  136  10:07  Marine x2  
  140  10:14  Marine x2  
  142  10:15  Viking  
  145  10:24  Marine  
  145  10:27  Marine x2, Terran Vehicle Weapons Level 1  
  151  10:28  Siege Tank  
  151  10:30  Marine x2  
  151  10:33  SCV  
  150  10:36  Marine x3  
  150  10:38  Medivac  
  150  10:39  Marine  
  150  10:41  Marine  
  157  10:45  Marine x2  
  157  10:48  Marine  
  157  10:49  Marine  
  160  10:53  Marine  
  160  10:54  Factory Tech Lab  
  160  10:55  Medivac  
  163  10:57  Marine  
  163  11:03  Planetary Fortress  
  164  11:05  Refinery, Marine  
  164  11:06  Supply Depot, Refinery  
  164  11:07  Missile Turret  
  164  11:09  Marine x3  
  164  11:10  Siege Tank  
  171  11:18  Siege Tank  
  168  11:19  Viking  
  168  11:22  Marine x2  
  172  11:27  Viking, Marine x2  
  172  11:28  Supply Depot  
  172  11:29  Marine, Supply Depot  
  172  11:30  Marine  
  178  11:34  Marine  
  178  11:36  Supply Depot  
  179  11:46  Marine  
  179  11:50  Siege Tank  
  179  11:52  Command Center  
  179  11:53  Marine  
  183  12:02  Fusion Core, Marine  
  183  12:03  Marine  
  183  12:04  Starport, Siege Tank  
  183  12:05  Starport  
  188  12:13  Marine  
  173  12:16  Liberator x2, Marine  
  173  12:19  Marine  
  173  12:22  Siege Tank  
  144  12:23  Marine  
  137  12:30  Marine  
  137  12:31  Marine  
  137  12:35  Marine x2  
  137  12:36  Siege Tank  
  141  12:38  Marine x2  
  141  12:40  Marine  
  141  12:47  Marine  
  141  12:48  Marine  
  133  12:54  Siege Tank  
  133  12:57  Marine  
  129  13:05  Marine  
  129  13:09  Siege Tank, Marine x2  
  129  13:12  Marine  
  128  13:13  Marine x2  
  128  13:18  Starport Tech Lab, Marine  
  131  13:21  Marine x2  
  131  13:22  Starport Reactor  
  131  13:26  Siege Tank, Marine  
  137  13:30  Marine  
  137  13:32  Marine  
  132  13:34  Viking x2  
  132  13:39  Marine  
  132  13:41  Siege Tank  
Tags
 
Add a new tag
Caveats
  • Supply blocks, unpowered buildings, or Contaminate may cause inaccurate times.
  • Supply counts are checked every 10 seconds.